 Dungeon Crawl Stone Soup version 0.28.0 (webtiles) character file.

Game seed: 17172181560936185427

261 DasRunzen the Magician (level 6, -4/43 HPs)
             Began as a Djinni Ice Elementalist on Feb 16, 2022.
             Slain by a phantom (8 damage)
             ... on level 3 of the Dungeon.
             The game lasted 00:08:59 (5136 turns).

DasRunzen the Magician (Djinni Ice Elementalist)    Turns: 5136, Time: 00:09:00

Health: -4/43      AC:  2    Str:  5    XL:     6   Next: 41%
Gold:   128        EV: 13    Int: 19    God:
                   SH:  0    Dex: 13

rFire   + + .      SeeInvis .   d - +2 mace (vorpal)
rCold   x . .      Faith    .   (no shield)
rNeg    . . .      Spirit   .   a - +0 robe
rPois   ∞          Reflect  .   (no helmet)
rElec   .          Harm     .   (no cloak)
rCorr   .          Rampage  .   (no gloves)
Will    +....                   (boots unavailable)
Stlth   ++........              (no amulet)
HPRegen 0.14/turn               f - ring of willpower
MPRegen 0.00/turn               (no ring)

@: flying
A: sickness immunity, fire resistance 2, cold vulnerability 1, float, innate
caster, HP casting, extra vitality 1, weak 1
a: no special abilities


You were on level 3 of the Dungeon.
You visited 1 branch of the dungeon, and saw 4 of its levels.

You collected 128 gold pieces.

Inventory:

Hand Weapons
 d - a +2 vorpal mace (weapon)
 i - a +0 short sword
Missiles
 k - a throwing net
Armour
 a - a +0 robe (worn)
 b - a +0 buckler
Jewellery
 f - a ring of willpower (left hand)
 j - an amulet of the acrobat
Wands
 h - a wand of flame (11)
Potions
 c - 2 potions of attraction
 g - a potion of heal wounds {unknown}
 l - 2 potions of degeneration {unknown}


   Skills:
 + Level 2.1 Fighting
 + Level 2.2 Armour
 + Level 3.3 Dodging
 - Level 1.5 Stealth
 + Level 1.9 Shields
 * Level 4.2 Spellcasting


You couldn't memorise any spells.
You knew the following spells:

 Your Spells              Type           Power      Damage    Failure   Level
a - Freeze                Ice            80%        1d9       2%          1
b - Frozen Ramparts       Ice            40%        1d6       7%          3
c - Ozocubu's Armour      Ice            20%        N/A       7%          3
d - Hailstorm             Conj/Ice       20%        3d6       24%         4
e - Summon Small Mammal   Summ           80%        N/A       2%          1
f - Blink                 Tloc           40%        N/A       3%          2
Your spell library was empty.

Dungeon Overview and Level Annotations

Branches:
Dungeon (4/15)
 Temple: D:4-7

Altars:
Hepliaklqana
Ru
Uskayaw

Shops:
D:2 *   D:3 *


Innate Abilities, Weirdness & Mutations

You are immune to sickness and miasma.
You are immune to poison.
Your flesh is very heat resistant. (rF++)
You are vulnerable to cold. (rC-)
You float through the air rather than walking.
You learn spells naturally, not from books.
Your magical power is your life essence.
You have superior vitality. (+4 MHP)
You are weak. (Str -2)


Message History

The phantom barely misses you.
You closely miss the phantom.
The phantom is lightly damaged.
The phantom resists.
The wall freezes the phantom.
The phantom barely misses you.
The phantom completely resists.
The wall freezes the phantom but does no damage.
The phantom hits you but does no damage.
You hit the phantom.
The phantom is moderately damaged.
The phantom resists.
The wall freezes the phantom.
The phantom hits you.
The phantom blinks!
You blink.
The frozen ramparts melt away as you move.
You hit the phantom.
The phantom is heavily damaged.
The phantom barely misses you.
You closely miss the phantom.
The phantom is heavily damaged.
The phantom closely misses you. The phantom hits you!
Your magical contamination has completely faded away.
You hit the phantom but do no damage.
The phantom is heavily damaged.
The phantom completely misses you.
You miss the phantom.
The phantom is heavily damaged.
The phantom closely misses you. x2
You miss the phantom.
The phantom is heavily damaged.
The phantom closely misses you.
You completely miss the phantom.
The phantom is heavily damaged.
The phantom hits you.
* * * LOW HITPOINT WARNING * * *
You closely miss the phantom.
The phantom is heavily damaged.
The phantom closely misses you. The phantom hits you!
* * * LOW HITPOINT WARNING * * *
You barely miss the phantom.
The phantom is heavily damaged.
The phantom hits you!
You die...

.# #.#
#.########.###......#
.# #.# #..........#
#.###### [#
#.#####.########## #.#
.# #......#......# #.#
.# #..####.#####.# #.#
.# #..#
#.#####.######.######
.# #..#
#...................#
.# #..#
#.####.W##.########.#
.# #..# #.....@....#
#.# .####..#
#.......##.# #.#
.......# ##.####.##.#
#.#
..####.####...###.##.#
#.# ..#
#....<.......##.# #.#
..# ######...######.#
#.# ..# ##.## #.#
######.# ..# #.# #.#
#......# ..# #.# #.#
#.######


You could see a phantom.

Vanquished Creatures
  A sky beast (D:4)
  A lemure (D:4)
  2 hounds
  3 adders
  An adder skeleton (D:4)
  2 worms (D:3)
  A dart slug (D:1)
  6 orcs (D:3)
  9 bats
  11 endoplasms
  A giant cockroach (D:3)
  2 goblins
  4 hobgoblins
  5 kobolds
  6 ball pythons
  3 rats
58 creatures vanquished.

Notes
Turn   | Place    | Note
-------+----------+-------------------------------------------
     0 | D:1      | DasRunzen the Djinni Ice Elementalist began the quest for
                  | the Orb.
     0 | D:1      | Reached XP level 1. HP: 15/15 MP: 0/0
   279 | D:1      | Found a faded altar of an unknown god.
   350 | D:1      | Reached XP level 2. HP: 20/21 MP: 0/0
   860 | D:2      | Reached XP level 3. HP: 25/26 MP: 0/0
   860 | D:2      | Learned a level 1 spell: Summon Small Mammal
   864 | D:2      | Reached skill level 1 in Armour
  1164 | D:2      | Reached skill level 1 in Fighting
  1338 | D:2      | Found Ximitwaoq's General Store.
  1656 | D:2      | Reached XP level 4. HP: 28/32 MP: 0/0
  2043 | D:3      | Reached skill level 1 in Shields
  2934 | D:3      | Reached XP level 5. HP: 1/37 MP: 0/0
  2934 | D:3      | Learned a level 2 spell: Blink
  3286 | D:3      | Found Parphabiej's General Store.
  3339 | D:3      | Found a hide-covered altar of Uskayaw.
  3345 | D:3      | Found a sacrificial altar of Ru.
  3553 | D:3      | Found a hazy altar of Hepliaklqana.
  4380 | D:4      | Reached skill level 4 in Spellcasting
  4504 | D:4      | Gained mutation: You are weak. (Str -2) [potion of
                  | mutation]
  4532 | D:4      | Noticed a lemure
  4532 | D:4      | Noticed a lemure
  4549 | D:4      | Killed a lemure
  4672 | D:4      | Noticed a sky beast
  4677 | D:4      | Killed a sky beast
  4678 | D:4      | Reached XP level 6. HP: 23/43 MP: 0/0
  5136 | D:3      | Slain by a phantom

Illustrated notes

Levels and vault maps discovered:
D:1:      evilmike_arrival_plus, layout_basic,
          shapermc_ecumenical_altar_mp_vishouse
D:2:      layout_loops_corners, serial_shops, shop
D:3:      layout_loops_ring, grunt_temple_overflow_open,
          nzn_hepliaklqana_mist_gate, serial_shops, shop, hangedman_glass_teeth
D:4:      layout_basic, uniq_pikel

Skill      XL: |  1  2  3  4  5 |
---------------+----------------+-----
Armour         | 1 2 |  2.2
Fighting       | 1 2 |  2.1
Shields        | 1 |  1.9
Dodging        | 3 |  3.3
Spellcasting   | 4 |  4.2
Stealth        | |  1.5

Action                   |  1- 3 |  4- 6 || total
-------------------------+-------+-------++-------
Melee: Unarmed           |     4 |       ||     4
       Short sword       |       |    13 ||    13
       Mace              |       |    21 ||    21
 Cast: Freeze            |    51 |    77 ||   128
       Frozen Ramparts   |       |     6 ||     6
  Use: Scroll            |       |     6 ||     6
       Potion            |       |     2 ||     2
 Stab: Sleeping          |       |     3 ||     3
Armor: Robe              |     7 |    13 ||    20
Dodge: Dodged            |    23 |    64 ||    87
